Map: 라이트쉐이드 - 래더

Players

llllllllllll - Winner!

  • Race: Terran Terran
  • League: Grandmaster

llllllllllll - Winner!

  • Race: Terran Terran
  • League: Grandmaster

틀랄

  • Race: Zerg Zerg
  • League: Master

VOD

Have the link to the VOD?

Description

Time

  • Played on: April 24, 2021, 4:35 a.m.
  • Length: 10:10
Show
View Real Time Build Order
Export as new Build Order

llllllllllll Terran - Winner!

Build Orders: Reaper Expand 

Get SALT Encoding   

  12  0:00  SCV  
  13  0:12  SCV  
  14  0:16  Supply Depot  
  14  0:24  SCV  
  15  0:38  Barracks, SCV  
  15  0:42  Refinery  
  16  0:50  SCV  
  17  1:02  SCV  
  18  1:14  SCV  
  19  1:25  Reaper  
  19  1:26  Orbital Command  
  20  1:39  Command Center  
  20  1:46  Supply Depot  
  20  1:52  SCV  
  21  1:57  Marine  
  22  2:04  SCV  
  23  2:13  Factory  
  23  2:16  SCV  
  23  2:20  Barracks Reactor  
  24  2:28  SCV  
  25  2:40  SCV  
  25  2:43  Command Center  
  26  2:52  SCV  
  26  2:53  Orbital Command  
  27  3:03  Hellion x2  
  32  3:05  SCV  
  32  3:17  Barracks, Barracks Tech Lab  
  32  3:18  SCV  
  33  3:20  SCV  
  33  3:26  Refinery  
  34  3:29  Hellion  
  34  3:32  Hellion  
  34  3:33  SCV  
  39  3:35  SCV  
  40  3:43  Stimpack  
  40  3:45  Marine, SCV  
  42  3:48  SCV  
  42  3:50  Supply Depot  
  43  3:56  Orbital Command  
  43  3:58  SCV  
  44  4:05  Factory Reactor, Starport  
  44  4:06  SCV  
  44  4:09  Marine x2  
  47  4:10  SCV  
  47  4:11  Marine  
  47  4:15  Supply Depot  
  49  4:18  SCV  
  50  4:26  SCV  
  50  4:27  Marine x2  
  50  4:29  Marine  
  54  4:33  SCV  
  55  4:44  SCV  
  55  4:45  Marine x2  
  54  4:47  Marine, SCV  
  54  4:48  Orbital Command  
  56  4:56  SCV  
  53  5:02  Marine  
  53  5:03  Marine, Medivac x2, Factory Tech Lab  
  53  5:05  Barracks x2  
  53  5:06  Barracks  
  59  5:07  Engineering Bay  
  59  5:09  SCV x2  
  59  5:11  Marine  
  62  5:16  SCV  
  62  5:20  Engineering Bay  
  62  5:21  Marine, SCV  
  65  5:23  SCV  
  65  5:28  Marine, Supply Depot x2, SCV  
  67  5:31  Siege Tank  
  71  5:37  SCV, Terran Infantry Weapons Level 1  
  71  5:39  Bunker  
  71  5:41  SCV x2  
  71  5:42  Marine x2  
  75  5:44  Combat Shield  
  75  5:48  Refinery  
  76  5:50  SCV  
  76  5:51  Refinery  
  76  5:53  SCV  
  76  5:54  Marine x2  
  83  5:57  SCV  
  83  6:00  Marine x2  
  83  6:02  SCV  
  85  6:10  Barracks Reactor x2  
  83  6:12  Marine, SCV  
  83  6:15  SCV  
  83  6:18  Marine  
  88  6:19  Barracks Tech Lab, Supply Depot  
  88  6:23  Barracks, SCV  
  88  6:24  Barracks  
  88  6:25  Supply Depot x2  
  88  6:26  Armory  
  88  6:27  SCV  
  89  6:35  Marine, SCV  
  89  6:36  Marine  
  89  6:37  SCV  
  89  6:39  Marine, Terran Infantry Armor Level 1  
  93  6:40  Marine  
  93  6:45  SCV  
  95  6:47  SCV  
  95  6:48  Supply Depot  
  95  6:53  Marine x2  
  95  6:54  Marine x4  
  99  6:58  SCV  
  99  7:00  Command Center, Medivac  
  105  7:02  Medivac  
  105  7:05  SCV  
  105  7:07  Refinery  
  105  7:08  Refinery  
  108  7:10  SCV  
  108  7:11  Marine x2  
  108  7:13  Marine x2  
  108  7:14  Marine  
  108  7:15  Barracks Tech Lab  
  114  7:16  Barracks Tech Lab  
  114  7:17  Marine x2  
  114  7:20  SCV x2  
  118  7:23  Marine  
  118  7:28  Marine  
  118  7:29  Marine  
  120  7:32  Marine x3  
  120  7:35  Marine  
  124  7:47  Concussive Shells  
  124  7:49  Terran Infantry Weapons Level 2  
  124  7:51  Marine x3, Supply Depot x2  
  124  7:52  Medivac x2, Supply Depot  
  124  7:53  Supply Depot x3  
  124  7:56  Marine x3  
  124  7:57  Marine  
  133  7:58  Marauder  
  133  8:11  Siege Tank, SCV x3  
  133  8:12  Marauder x2  
  143  8:15  Marauder  
  145  8:20  Marauder  
  145  8:24  Marine  
  140  8:27  Marine x3, Supply Depot x2  
  140  8:33  Marine x2, Marauder x2  
  149  8:36  Marauder  
  153  8:41  Marine, Marauder  
  153  8:44  Siege Tank  
  153  8:45  Marine  
  153  8:47  Marine  
  159  8:51  Marine  
  160  8:58  Marine x3, Marauder x2  
  160  8:59  Marine  
  163  9:04  Marine, Marauder  
  166  9:11  Marine x2  
  166  9:16  Marauder  
  170  9:19  Marauder, Medivac  
  170  9:20  Marauder, Medivac  
  178  9:25  Marine  
  178  9:26  Marine, Marauder  
  178  9:27  Marine  
  180  9:31  Marine  
  180  9:33  Marine  
  170  9:41  Marauder  
  170  9:43  Marine  
  170  9:44  Marauder  
  173  9:47  Marine x3  
  173  9:51  Marine  
Show
View Real Time Build Order
Export as new Build Order

llllllllllll Terran - Winner!

Build Orders: Reaper Expand 

Get SALT Encoding   

  12  0:00  SCV  
  13  0:12  SCV  
  14  0:16  Supply Depot  
  14  0:24  SCV  
  15  0:38  SCV, Barracks  
  15  0:42  Refinery  
  16  0:50  SCV  
  17  1:02  SCV  
  18  1:14  SCV  
  19  1:25  Reaper  
  19  1:26  Orbital Command  
  20  1:39  Command Center  
  20  1:46  Supply Depot  
  20  1:52  SCV  
  21  1:57  Marine  
  22  2:04  SCV  
  23  2:13  Factory  
  23  2:16  SCV  
  23  2:20  Barracks Reactor  
  24  2:28  SCV  
  25  2:40  SCV  
  25  2:43  Command Center  
  26  2:52  SCV  
  26  2:53  Orbital Command  
  27  3:03  Hellion x2  
  32  3:05  SCV  
  32  3:17  Barracks Tech Lab, Barracks  
  32  3:18  SCV  
  33  3:20  SCV  
  33  3:26  Refinery  
  34  3:29  Hellion  
  34  3:32  Hellion  
  34  3:33  SCV  
  39  3:35  SCV  
  40  3:43  Stimpack  
  40  3:45  Marine, SCV  
  42  3:48  SCV  
  42  3:50  Supply Depot  
  43  3:56  Orbital Command  
  43  3:58  SCV  
  44  4:05  Factory Reactor, Starport  
  44  4:06  SCV  
  44  4:09  Marine x2  
  47  4:10  SCV  
  47  4:11  Marine  
  47  4:15  Supply Depot  
  49  4:18  SCV  
  50  4:26  SCV  
  50  4:27  Marine x2  
  50  4:29  Marine  
  54  4:33  SCV  
  55  4:44  SCV  
  55  4:45  Marine x2  
  54  4:47  Marine, SCV  
  54  4:48  Orbital Command  
  56  4:56  SCV  
  53  5:02  Marine  
  53  5:03  Marine, Factory Tech Lab, Medivac x2  
  53  5:05  Barracks x2  
  53  5:06  Barracks  
  59  5:07  Engineering Bay  
  59  5:09  SCV x2  
  59  5:11  Marine  
  62  5:16  SCV  
  62  5:20  Engineering Bay  
  62  5:21  Marine, SCV  
  65  5:23  SCV  
  65  5:28  Supply Depot x2, SCV, Marine  
  67  5:31  Siege Tank  
  71  5:37  Terran Infantry Weapons Level 1, SCV  
  71  5:39  Bunker  
  71  5:41  SCV x2  
  71  5:42  Marine x2  
  75  5:44  Combat Shield  
  75  5:48  Refinery  
  76  5:50  SCV  
  76  5:51  Refinery  
  76  5:53  SCV  
  76  5:54  Marine x2  
  83  5:57  SCV  
  83  6:00  Marine x2  
  83  6:02  SCV  
  85  6:10  Barracks Reactor x2  
  83  6:12  Marine, SCV  
  83  6:15  SCV  
  83  6:18  Marine  
  88  6:19  Supply Depot, Barracks Tech Lab  
  88  6:23  SCV, Barracks  
  88  6:24  Barracks  
  88  6:25  Supply Depot x2  
  88  6:26  Armory  
  88  6:27  SCV  
  89  6:35  Marine, SCV  
  89  6:36  Marine  
  89  6:37  SCV  
  89  6:39  Marine, Terran Infantry Armor Level 1  
  93  6:40  Marine  
  93  6:45  SCV  
  95  6:47  SCV  
  95  6:48  Supply Depot  
  95  6:53  Marine x2  
  95  6:54  Marine x4  
  99  6:58  SCV  
  99  7:00  Command Center, Medivac  
  105  7:02  Medivac  
  105  7:05  SCV  
  105  7:07  Refinery  
  105  7:08  Refinery  
  108  7:10  SCV  
  108  7:11  Marine x2  
  108  7:13  Marine x2  
  108  7:14  Marine  
  108  7:15  Barracks Tech Lab  
  114  7:16  Barracks Tech Lab  
  114  7:17  Marine x2  
  114  7:20  SCV x2  
  118  7:23  Marine  
  118  7:28  Marine  
  118  7:29  Marine  
  120  7:32  Marine x3  
  120  7:35  Marine  
  124  7:47  Concussive Shells  
  124  7:49  Terran Infantry Weapons Level 2  
  124  7:51  Supply Depot x2, Marine x3  
  124  7:52  Supply Depot, Medivac x2  
  124  7:53  Supply Depot x3  
  124  7:56  Marine x3  
  124  7:57  Marine  
  133  7:58  Marauder  
  133  8:11  Siege Tank, SCV x3  
  133  8:12  Marauder x2  
  143  8:15  Marauder  
  145  8:20  Marauder  
  145  8:24  Marine  
  140  8:27  Supply Depot x2, Marine x3  
  140  8:33  Marine x2, Marauder x2  
  149  8:36  Marauder  
  153  8:41  Marine, Marauder  
  153  8:44  Siege Tank  
  153  8:45  Marine  
  153  8:47  Marine  
  159  8:51  Marine  
  160  8:58  Marine x3, Marauder x2  
  160  8:59  Marine  
  163  9:04  Marine, Marauder  
  166  9:11  Marine x2  
  166  9:16  Marauder  
  170  9:19  Marauder, Medivac  
  170  9:20  Marauder, Medivac  
  178  9:25  Marine  
  178  9:26  Marine, Marauder  
  178  9:27  Marine  
  180  9:31  Marine  
  180  9:33  Marine  
  170  9:41  Marauder  
  170  9:43  Marine  
  170  9:44  Marauder  
  173  9:47  Marine x3  
  173  9:51  Marine  
Show
View Real Time Build Order
Export as new Build Order

틀랄 Zerg 

Build Orders: Hatch First 

Get SALT Encoding   

  12  0:00  Drone  
  13  0:13  Overlord  
  13  0:17  Drone  
  14  0:31  Drone x2  
  16  0:48  Hatchery  
  15  0:52  Drone  
  15  0:55  Drone  
  17  1:00  Drone  
  18  1:09  Extractor  
  17  1:14  Spawning Pool  
  17  1:17  Drone  
  17  1:20  Drone  
  18  1:28  Drone  
  19  1:40  Drone  
  20  1:50  Drone  
  21  2:03  Queen  
  21  2:04  Zergling x4, Queen  
  27  2:15  Hatchery  
  26  2:20  Overlord  
  26  2:28  Drone x2  
  27  2:32  Metabolic Boost  
  27  2:37  Drone  
  27  2:42  Queen  
  30  2:49  Drone x2  
  32  2:52  Drone  
  32  2:54  Drone  
  34  3:01  Overlord  
  34  3:03  Drone  
  35  3:06  Drone  
  36  3:21  Queen  
  36  3:22  Drone x5  
  43  3:28  Drone x2  
  43  3:31  Queen  
  47  3:37  Drone  
  47  3:38  Drone x2  
  50  3:47  Overlord  
  50  3:57  Overlord  
  50  4:01  Baneling Nest, Drone  
  50  4:02  Overlord  
  50  4:05  Queen  
  50  4:07  Queen  
  54  4:11  Zergling x8  
  58  4:17  Lair  
  58  4:18  Drone x2  
  58  4:30  Drone  
  58  4:31  Drone x6  
  61  4:38  Zergling x4  
  57  4:49  Drone  
  57  4:50  Drone x6  
  62  4:53  Drone  
  63  5:07  Drone x7  
  69  5:17  Centrifical Hooks  
  69  5:18  Evolution Chamber  
  69  5:19  Evolution Chamber  
  67  5:25  Queen x2  
  71  5:29  Queen  
  71  5:33  Drone  
  74  5:37  Overlord  
  74  5:38  Overlord  
  74  5:47  Extractor x2  
  72  5:55  Hatchery  
  71  5:57  Zergling x2  
  71  5:58  Zergling x24  
  84  6:09  Overlord x3  
  83  6:24  Extractor x2  
  83  6:25  Hatchery  
  80  6:28  Zerg Melee Weapons Level 1, Zerg Ground Armor Level 1  
  80  6:38  Baneling x3  
  78  6:41  Drone x4  
  78  6:42  Drone x3  
  78  6:43  Drone x3  
  78  6:44  Drone x3  
  91  6:47  Drone x3  
  91  6:49  Baneling  
  91  6:50  Baneling x2  
  92  6:57  Drone x4, Extractor  
  92  6:58  Drone  
  92  7:01  Queen  
  96  7:08  Zergling x12  
  99  7:13  Hydralisk Den  
  103  7:19  Zergling x2  
  103  7:20  Zergling x14  
  111  7:23  Drone  
  111  7:24  Overlord  
  111  7:25  Overlord  
  111  7:26  Overlord  
  111  7:36  Baneling x8  
  111  7:41  Drone  
  111  7:42  Drone x5  
  117  7:47  Baneling  
  117  7:48  Baneling x11  
  115  8:01  Drone x9  
  124  8:09  Overlord  
  124  8:10  Overlord  
  122  8:25  Hatchery  
  115  8:28  Zergling x2  
  115  8:29  Zergling x20  
  126  8:35  Zergling x20  
  126  8:40  Grooved Spines  
  131  9:00  Drone x7  
  131  9:01  Drone x6  
  143  9:04  Baneling x11  
  143  9:07  Overlord x3  
  143  9:08  Zergling x14  
  149  9:20  Baneling x8  
  149  9:24  Overlord  
  149  9:25  Overlord  
  145  9:37  Zergling x34  
  151  9:39  Baneling  
  151  9:40  Baneling x9  
Tags
 
Add a new tag
Caveats
  • Supply blocks, unpowered buildings, or Contaminate may cause inaccurate times.
  • Supply counts are checked every 10 seconds.